 Dungeon Crawl Stone Soup version 0.21.0-3-g78d12a8 (webtiles) character file.

17353 MTVSty1e the Geomancer (level 12, 0/96 HPs)
             Began as a Human Earth Elementalist on Jan 13, 2018.
             Was a Priest of Makhleb.
             Slain by a black mamba (4 damage)
             ... on level 4 of the Lair of Beasts.
             The game lasted 00:39:04 (16172 turns).

MTVSty1e the Geomancer (Human Earth Elementalist)  Turns: 16172, Time: 00:39:04

Health: 0/96       AC:  8    Str: 15    XL:     12   Next: 81%
Magic:  15/15      EV: 12    Int: 24    God:    Makhleb [***...]
Gold:   858        SH:  0    Dex: 13    Spells: 0/15 levels left

rFire    + . .     SeeInvis +   a - +8 halberd "Zuinoubb" {flame, Str+4 Int+3 SInv}
rCold    . . .     Gourm    .   (shield currently unavailable)
rNeg     . . .     Faith    .   h - +0 leather armour
rPois    .         Spirit   .   q - +1 helmet
rElec    .         Reflect  .   B - +0 cloak
rCorr    +         Harm     .   A - +1 pair of gloves
MR       +....                  (no boots)
Stlth    ++........             (no amulet)
HPRegen  0.26/turn              D - ring of resist corrosion
MPRegen  0.14/turn              I - ring of protection from fire

@: about to teleport
A: magic resistance 1, strong 1
a: Minor Destruction, Lesser Servant of Makhleb, Renounce Religion


You were on level 4 of the Lair of Beasts.
You worshipped Makhleb.
Makhleb was most pleased with you.
You were not hungry.

You visited 3 branches of the dungeon, and saw 15 of its levels.

You collected 858 gold pieces.

Inventory:

Hand Weapons
 a - the +8 halberd "Zuinoubb" (weapon) {flame, Str+4 Int+3 SInv}
   (You found it on level 4 of the Dungeon)

   It has been specially enchanted to burn those struck by it, causing extra
   injury to most foes and up to half again as much damage against particularly
   susceptible opponents.
   Big, fiery blades are also staple armaments of hydra-hunters.
   It affects your strength (+4).
   It affects your intelligence (+3).
   It lets you see invisible.
 f - a +1 dagger
Missiles
 b - 345 stones (quivered)
Armour
 h - a +0 leather armour (worn)
 q - a +1 helmet (worn)
 r - a +0 ring mail
 x - a +2 shield of reflection
 A - a +1 pair of gloves (worn)
 B - a +0 cloak (worn)
Jewellery
 e - an uncursed ring of flight
 k - a +2 ring of dexterity
 n - a +3 ring of dexterity
 D - a ring of resist corrosion (left hand)
 E - a +3 ring of intelligence
 H - an uncursed ring of stealth
 I - a ring of protection from fire (right hand)
 L - an uncursed ring of fire
Wands
 y - a wand of scattershot (6)
 z - a wand of iceblast (8)
 J - a wand of enslavement (27)
 K - a wand of digging (12)
Scrolls
 c - 5 scrolls of enchant weapon
 i - 2 scrolls of magic mapping
 m - 5 scrolls of teleportation
 o - 8 scrolls of remove curse
 t - 4 scrolls of enchant armour
 C - 2 scrolls of fog
Potions
 g - 4 potions of curing
 j - 2 potions of resistance
 l - 2 potions of mutation
 p - 2 potions of brilliance
 s - 3 potions of magic
 u - 5 potions of flight
 w - 3 potions of agility
 F - a potion of lignification {unknown}
 G - 2 potions of invisibility
 M - a potion of berserk rage {unknown}
Books
 v - a book of the Earth

   Spells                             Type                      Level
   a - Leda's Liquefaction            Hexes/Earth                  4
   b - Bolt of Magma                  Conjuration/Fire/Earth       5
   c - Statue Form                    Transmutation/Earth          6
   d - Iron Shot                      Conjuration/Earth            6
   e - Shatter                        Earth                        9
Comestibles
 d - 12 rations


   Skills:
 + Level 9.4 Fighting
 - Level 6.3 Polearms
 - Level 3.7 Armour
 - Level 2.0 Dodging
 - Level 2.0 Stealth
 + Level 7.6 Shields
 * Level 1.3 Unarmed Combat
 - Level 2.1 Spellcasting
 * Level 3.0 Transmutations
 * Level 14.5 Earth Magic


You couldn't memorise any spells.
You knew the following spells:

 Your Spells              Type           Power        Failure   Level  Hunger
a - Sandblast             Erth           ######       1%          1    None
b - Lee's Rapid Deconstr  Erth           ######....   1%          5    ######.
c - Stone Arrow           Conj/Erth      #####.       2%          3    ###....
d - Statue Form           Tmut/Erth      #####....    52%         6    #######


Dungeon Overview and Level Annotations

Branches:
Dungeon (10/15)            Temple (1/1) D:5            Lair (4/6) D:10
  Swamp (0/4) Lair:2
  Snake: Lair:2-4    Spider: Lair:2-4       Orc: D:9-12

Altars:
Ashenzari
Cheibriados
Dithmenos
Elyvilon
Fedhas
Gozag
Hepliaklqana
Kikubaaqudgha
Makhleb
Nemelex Xobeh
Okawaru
Qazlal
Ru
Sif Muna
Trog
Uskayaw
Vehumet
Wu Jian
Xom
Yredelemnul
Zin
The Shining One

Annotations:
Lair:2 exclusion: 3 oklob plants


Innate Abilities, Weirdness & Mutations

You are resistant to hostile enchantments. (MR+)
Your muscles are strong. (Str +2)


Message History

The wyvern closely misses you. The black mamba completely misses you.
The wyvern bites you!
* * * LOW HITPOINT WARNING * * *
You climb downwards.
Found a scroll of remove curse and 10 stones.
There is a stone staircase leading up here.
Unknown command.
As you read the scroll of teleportation, it crumbles to dust.
You feel strangely unstable. The black mamba misses you.
The black mamba bites you!
* * * LOW HITPOINT WARNING * * *
The wyvern completely misses you.
Okay, then.
Okay, then.
Okay, then.
The black mamba closely misses you. The black mamba barely misses you.
The wyvern misses you.
The black mamba bites you but does no damage.
The black mamba bites you.
You die...

## ..P #.. ..#
.... #(.
..###.. .....#
#...### #.....#
#..@.##
##.Sl#.#
#...<..#
............?..
...............
.......##P#P...
....... ##....
..#.... ...
.#.#... ..


You could see a black mamba and a wyvern.

Vanquished Creatures
  A centaur warrior (D:10)
  5 two-headed ogres
  The ghost of feelmyfire the Martial Artist, a novice DgTm (D:7)
  Pikel (D:5)
  A deep elf mage (D:9)
  A black mamba (Lair:1)
  A gargoyle (D:10)
  3 komodo dragons (Lair:2)
  3 spiny frogs
  A rime drake (Lair:2)
  3 hippogriffs
  A shadow (D:9)
  17 yaks
  Sigmund (D:4)
  A basilisk (Lair:1)
  A hungry ghost (D:9)
  Menkaure (D:7)
  9 porcupines
  7 water moccasins
  A sky beast (D:5)
  2 ice beasts (D:10)
  2 black bears
  A hornet zombie (D:6)
  4 phantoms
  4 ogres
  2 centaurs
  A big kobold (D:8)
  5 crocodiles
  5 bullfrogs
  3 scorpions
  4 wights (D:10)
  A howler monkey (D:5)
  6 centaur zombies
  4 crimson imps
  3 bullfrog zombies
  A jelly (D:10)
  A centaur skeleton (D:6)
  3 hounds
  Crazy Yiuf (D:6)
  3 orc priests (D:9)
  3 bullfrog skeletons
  Jessica (D:3)
  7 orc wizards
  7 worker ants
  A killer bee zombie (D:6)
  2 hound zombies
  4 hound skeletons
  4 worker ant zombies
  A howler monkey zombie (D:6)
  18 adders
  7 gnolls
  A shadow imp (D:10)
  5 oozes
  2 adder zombies (D:6)
  4 worms
  2 adder skeletons
  3 dart slugs (D:3)
  6 leopard geckos
  17 orcs
  6 giant cockroaches
  16 goblins
  6 hobgoblins
  9 jackals
  13 kobolds
  6 quokkas
  2 ball pythons (D:4)
  8 bats
  12 frilled lizards
  A jackal skeleton (D:4)
  A jackal zombie (D:6)
  A leopard gecko skeleton (D:5)
  2 quokka zombies
  14 rats
  A plant (Lair:2)
309 creatures vanquished.

Vanquished Creatures (others)
  A bullfrog zombie (D:6)
  A jelly (D:6)
  A hound zombie (D:6)
  An adder (D:6)
  An orc (D:6)
  A leopard gecko skeleton (D:6)
  A leopard gecko zombie (D:6)
  A quokka zombie (D:6)
  3 fungi
  5 plants
16 creatures vanquished.

Grand Total: 325 creatures vanquished

Notes
Turn   | Place    | Note
-------+----------+-------------------------------------------
     0 | D:1      | MTVSty1e the Human Earth Elementalist began the quest for the Orb.
     0 | D:1      | Reached XP level 1. HP: 13/13 MP: 3/3
    71 | D:1      | Reached XP level 2. HP: 2/20 MP: 1/5
   481 | D:1      | Reached skill level 1 in Fighting
   597 | D:1      | Found an iron altar of Okawaru.
   611 | D:1      | Reached XP level 3. HP: 26/26 MP: 4/6
  1024 | D:1      | Reached skill level 4 in Earth Magic
  1338 | D:2      | Found a bloodstained altar of Trog.
  1362 | D:2      | Reached XP level 4. HP: 22/32 MP: 2/7
  2102 | D:2      | Reached XP level 5. HP: 22/38 MP: 4/8
  2185 | D:2      | Learned a level 5 spell: Lee's Rapid Deconstruction
  3055 | D:2      | Reached skill level 5 in Earth Magic
  4025 | D:3      | Reached XP level 6. HP: 43/46 MP: 4/9
  4250 | D:3      | Noticed Jessica
  4263 | D:3      | Killed Jessica
  4898 | D:4      | Found a shadowy altar of Dithmenos.
  5006 | D:4      | Noticed Sigmund
  5011 | D:4      | Learned a level 3 spell: Stone Arrow
  5175 | D:4      | Reached skill level 13 in Earth Magic
  5175 | D:4      | Reached XP level 7. HP: 52/52 MP: 10/10
  5363 | D:4      | Found a shimmering altar of Xom.
  5391 | D:4      | Identified the +8 halberd "Zuinoubb" {flame, Str+4 Int+3 SInv} (You found it on level 4 of the Dungeon)
  5543 | D:4      | Reached XP level 8. HP: 54/58 MP: 11/11
  5559 | D:4      | Killed Sigmund
  5559 | D:4      | Reached skill level 1 in Polearms
  5559 | D:4      | Reached skill level 1 in Armour
  5647 | D:5      | Entered Level 5 of the Dungeon
  5666 | D:5      | Found a staircase to the Ecumenical Temple.
  5676 | Temple   | Entered the Ecumenical Temple
  5738 | Temple   | Became a worshipper of Makhleb the Destroyer
  6086 | D:5      | Found an opulent altar of Gozag.
  6578 | D:6      | Noticed Pikel
  6682 | D:5      | Reached XP level 9. HP: 62/66 MP: 5/12
  6691 | D:5      | Killed Pikel
  6915 | D:6      | Reached skill level 5 in Fighting
  7071 | D:6      | Reached * piety under Makhleb
  7480 | D:6      | Found a runed door.
  7484 | D:6      | Noticed Crazy Yiuf
  7485 | D:6      | Killed Crazy Yiuf
  7559 | D:7      | Reached skill level 1 in Shields
  7656 | D:7      | Noticed feelmyfire's ghost (novice DgTm)
  7668 | D:7      | Killed feelmyfire's ghost
  7668 | D:7      | Reached XP level 10. HP: 69/76 MP: 3/13
  7860 | D:7      | Found a hide-covered altar of Uskayaw.
  7897 | D:7      | Found an ornate altar of the Wu Jian Council.
  8046 | D:7      | Noticed a moth of wrath
  8048 | D:7      | Found a bloodstained altar of Trog.
  8195 | D:7      | Noticed Menkaure
  8199 | D:7      | Killed Menkaure
  8708 | D:8      | Gained mutation: You have sharp toenails. [potion of mutation]
  8708 | D:8      | Gained mutation: Your muscles are strong. (Str +2) [potion of mutation]
  8708 | D:8      | Lost mutation: You have sharp toenails. [potion of mutation]
  8708 | D:8      | Gained mutation: You are resistant to hostile enchantments. (MR+) [potion of mutation]
  8978 | D:8      | Noticed a two-headed ogre
  9358 | D:9      | Noticed a two-headed ogre
  9516 | D:9      | Reached ** piety under Makhleb
  9816 | D:9      | Found a sacrificial altar of Ru.
  9819 | D:9      | Found a shattered altar of Ashenzari.
  9820 | D:9      | Found a stormy altar of Qazlal.
  9820 | D:9      | Found a sparkling altar of Nemelex Xobeh.
  9831 | D:9      | Noticed a two-headed ogre
  9834 | D:9      | Killed a two-headed ogre
 10072 | D:9      | Reached skill level 5 in Polearms
 10160 | D:9      | Found a stormy altar of Qazlal.
 10160 | D:9      | Noticed a deep elf mage
 10179 | D:9      | Killed a deep elf mage
 10179 | D:9      | Reached XP level 11. HP: 57/84 MP: 1/14
 10300 | D:9      | Noticed a two-headed ogre
 10305 | D:9      | Killed a two-headed ogre
 10509 | D:9      | Killed a two-headed ogre
 10509 | D:9      | Reached skill level 5 in Shields
 10754 | D:10     | Entered Level 10 of the Dungeon
 10918 | D:10     | Reached *** piety under Makhleb
 11008 | D:10     | Noticed a two-headed ogre
 11015 | D:10     | Killed a two-headed ogre
 11138 | D:10     | Noticed a centaur warrior
 11147 | D:10     | Killed a centaur warrior
 11509 | D:10     | Noticed a two-headed ogre
 11513 | D:10     | Killed a two-headed ogre
 11910 | D:10     | Found a staircase to the Lair.
 11924 | Lair:1   | Entered Level 1 of the Lair of Beasts
 11930 | Lair:1   | Reached XP level 12. HP: 94/94 MP: 15/15
 12518 | Lair:1   | Reached skill level 14 in Earth Magic
 12825 | Lair:1   | Learned a level 6 spell: Statue Form
 13324 | Lair:1   | Found a shattered altar of Ashenzari.
 14362 | Lair:2   | Found a staircase to the Swamp.
 15476 | Lair:3   | Reached skill level 1 in Unarmed Combat
 16170 | Lair:4   | HP: 4/96 [black mamba (14)]
 16172 | Lair:4   | Slain by a black mamba

Skill      XL: |  1  2  3  4  5  6  7  8  9 10 11 12 |
---------------+-------------------------------------+-----
Fighting       | 1 2 3 4 5 7 8 9 |  9.4
Earth Magic    | 4 5 13 14 | 14.5
Polearms       | 2 4 5 6 |  6.3
Armour         | 1 3 |  3.7
Shields        | 2 4 6 7 |  7.6
Transmutations | 3 |  3.0
Unarmed Combat | 1 |  1.3
Dodging        | |  2.0
Stealth        | |  2.0
Spellcasting   | |  2.1

Action                   |  1- 3 |  4- 6 |  7- 9 | 10-12 || total
-------------------------+-------+-------+-------+-------++-------
Melee: Unarmed           |    32 |       |       |       ||    32
       Dagger            |    64 |   209 |     6 |       ||   279
       Halberd           |       |       |   160 |   398 ||   558
 Cast: Sandblast         |    32 |    58 |     9 |     3 ||   102
       Stone Arrow       |       |       |     2 |    25 ||    27
       Lee's Rapid Decon |       |       |     6 |    34 ||    40
Invok: Lesser Servant of |       |       |       |     1 ||     1
Evoke: Wand              |       |       |       |     7 ||     7
  Use: Scroll            |       |     7 |     7 |    17 ||    31
       Potion            |       |     1 |     1 |     9 ||    11
 Stab: Sleeping          |     2 |     4 |     1 |     1 ||     8
       Distracted        |       |       |       |     3 ||     3
  Eat: Chunk             |     1 |     6 |     2 |     8 ||    17
       Ration            |       |     3 |     2 |    11 ||    16
Armor: Robe              |    31 |    25 |     4 |       ||    60
       Ring mail         |       |       |    96 |   156 ||   252
       Leather armour    |       |       |       |     2 ||     2
Dodge: Dodged            |   104 |   140 |   143 |   205 ||   592
